 Dungeon Crawl Stone Soup version 0.29.1-12-g30fa7ad0bf (webtiles) character file.

Game seed: 15540137618369478673

196 GigaChad the Covered (level 5, -1/47 HPs)
             Began as a Minotaur Fighter on Dec 13, 2022.
             Slain by an orc priest
             ... wielding a +0 falchion
              (6 damage)
             ... on level 3 of the Dungeon.
             The game lasted 00:03:20 (2558 turns).

GigaChad the Covered (Minotaur Fighter)             Turns: 2558, Time: 00:03:20

Health: -1/47      AC:  9    Str: 29    XL:     5   Next: 45%
Magic:  4/4        EV:  8    Int:  5    God:
Gold:   147        SH:  4    Dex:  9    Spells: 4/4 levels left

rFire   . . .      SeeInvis .   a - +0 war axe
rCold   . . .      Faith    .   c - +0 buckler
rNeg    . . .      Spirit   .   m - +0 chain mail
rPois   .          Reflect  .   (helmet restricted)
rElec   .          Harm     .   (no cloak)
rCorr   .          Rampage  .   (no gloves)
Will    .....                   (no boots)
Stlth   ..........              (no amulet)
HPRegen 0.15/turn               o - +6 ring of strength
MPRegen 0.09/turn               (no ring)

@: no status effects
A: horns 2, retaliatory headbutt
a: no special abilities


You were on level 3 of the Dungeon.
You visited 1 branch of the dungeon, and saw 3 of its levels.

You collected 147 gold pieces.

Inventory:

Hand Weapons
 a - a +0 war axe (weapon)
Armour
 b - a +0 scale mail
 c - a +0 buckler (worn)
 m - a +0 chain mail (worn)
Jewellery
 k - a ring of protection from cold
 n - a ring of ice
 o - a +6 ring of strength (left hand)
Wands
 s - a wand of paralysis (5)
Scrolls
 e - 3 scrolls of identify
 l - a scroll of torment
 r - 2 scrolls of magic mapping {unknown}
 u - a scroll of blinking {unknown}
Potions
 d - 3 potions of might
 f - 3 potions of curing {unknown}
 g - 2 potions of haste {unknown}
 h - 3 potions of heal wounds {unknown}
 i - a potion of degeneration {unknown}
 j - a potion of ambrosia {unknown}
 p - a potion of flight {unknown}
 q - a potion of lignification {unknown}
 t - 2 potions of magic {unknown}


   Skills:
 * Level 4.4 Fighting
 + Level 4.5 Axes
 + Level 4.8 Armour
 + Level 1.0 Dodging
 - Level 0.2 Stealth
 * Level 4.5 Shields


You had 4 spell levels left.
You didn't know any spells.
Your spell library contained the following spells:

 Spells                   Type           Power      Damage    Failure   Level
 Static Discharge         Conj/Air       0%         3-3/arc   99%         2
 Sublimation of Blood     Necr           0%         N/A       99%         2
 Wereblood                Tmut           0%         N/A       99%         2
 Tukima's Dance           Hex            0%         N/A       100%        3
 Passage of Golubria      Tloc           0%         N/A       100%        4
 Lightning Bolt           Conj/Air       0%         1d11      100%        5
 Yara's Violent Unravell  Hex/Tmut       0%         3d3       100%        5
 Summon Hydra             Summ           0%         N/A       100%        7
 Maxwell's Capacitive Co  Air            0%         ∞         100%        8


Dungeon Overview and Level Annotations

Branches:
Dungeon (3/15)

Altars:

Shops:
D:1 =

Annotations:
D:2 1 runed translucent door


Innate Abilities, Weirdness & Mutations

You have a pair of horns on your head.
You reflexively headbutt those who attack you in melee.


Message History

Natasha is heavily wounded.
You closely miss the orc. You hit the orc priest. The orc closely misses you.
You furiously retaliate!
You headbutt the orc!
You kill the orc!
The orc priest hits you but does no damage.
You block Natasha's attack.
The orc priest mumbles some strange prayers to Beogh against you.
Beogh smites you! The rat bites you but does no damage.
You closely miss Natasha.
Natasha is heavily wounded.
You closely miss the orc priest. You barely miss the rat.
You block Natasha's attack.
The orc priest hits you with a +0 falchion.
The rat bites you but does no damage. You block Natasha's attack.
You slash Natasha!
You kill Natasha!
Natasha yowls pathetically as she dies!
The crimson imp disappears in a puff of smoke!
You hit the orc priest but do no damage.
You slash the rat!
You kill the rat!
The orc priest mumbles some strange prayers to Beogh against you.
Beogh smites you!
* * * LOW HITPOINT WARNING * * *
Found a rapier.
The orc priest hits you but does no damage.
The orc hits you but does no damage.
You see here the felid corpse of Natasha.
The orc priest barely misses you. The orc hits you but does no damage.
You barely miss the orc. Your headbutt misses the orc.
You barely miss the orc priest. You block the orc priest's attack.
The orc barely misses you.
The orc priest hits you with a +0 falchion.
* * * LOW HITPOINT WARNING * * *
The orc barely misses you.
You slash the orc!
You kill the orc!
You hit the orc priest.
The orc priest hits you with a +0 falchion.
You die...

########## #.........
#....!....
##########.........
#.......!.#.........
#.........#.........
#.........#o)....:).
#..........†@.......
#.........#)........
#.........#.........
#.........#####.####
#.........# ##.####
######..### #.....#
#### ##.######.....#
####...
#.>....#..)..####....#.
########
###....#...............


You could see an orc priest.

Vanquished Creatures
  An orc priest (D:3)
  Natasha (twice) (D:3)
  4 adders
  An ufetubus (D:3)
  2 worms (D:2)
  3 dart slugs
  6 orcs (D:3)
  4 ball pythons
  7 endoplasms
  3 giant cockroaches
  3 goblins
  5 hobgoblins
  7 jackals (D:1)
  A kobold (D:2)
  3 quokkas
  5 bats
  2 frilled lizards
  3 rats
62 creatures vanquished.

Notes
Turn   | Place    | Note
-------+----------+-------------------------------------------
     0 | D:1      | GigaChad the Minotaur Fighter began the quest for the Orb.
     0 | D:1      | Reached XP level 1. HP: 19/19 MP: 0/0
    36 | D:1      | Reached XP level 2. HP: 20/27 MP: 1/1
   138 | D:1      | Found a faded altar of an unknown god.
   349 | D:1      | Found Vyowa's Jewellery Emporium.
   761 | D:1      | Reached XP level 3. HP: 33/33 MP: 2/2
  1510 | D:2      | Reached XP level 4. HP: 40/40 MP: 3/3
  1682 | D:2      | Found a runed translucent door.
  2145 | D:3      | Noticed Natasha
  2159 | D:3      | Killed Natasha
  2390 | D:3      | Noticed a +0 dagger
  2390 | D:3      | Noticed a +0 dagger
  2459 | D:3      | Reached skill level 1 in Dodging
  2459 | D:3      | Reached XP level 5. HP: 44/46 MP: 4/4
  2545 | D:3      | Noticed Natasha
  2554 | D:3      | Killed Natasha
  2558 | D:3      | Slain by an orc priest

Illustrated notes

Levels and vault maps discovered:
D:1:      elethiomel_arrival_quiet, layout_loops_ring, serial_shops, shop,
          ebering_ecumenical_altar_box
D:2:      layout_loops_cross, uniq_crazy_yiuf_cottage
D:3:      layout_rooms, dancing_weapons_uskayaw, uniq_natasha

Skill      XL: |  1  2  3  4 |
---------------+-------------+-----
Fighting       | 4 |  4.4
Shields        | 4 |  4.5
Armour         | 4 |  4.8
Axes           | 3 4 |  4.5
Dodging        | 1 |  1.0
Stealth        | |  0.2

Action                   |  1- 3 |  4- 6 || total
-------------------------+-------+-------++-------
Melee: War axe           |    59 |    51 ||   110
       Headbutt          |     4 |     4 ||     8
  Use: Scroll            |       |     1 ||     1
Armor: Scale mail        |    40 |       ||    40
       Chain mail        |    12 |    41 ||    53
Dodge: Dodged            |    51 |    29 ||    80
Block: Buckler           |    24 |    23 ||    47
